Wild vs Capitals

Created - 3 décembre 2020 at 11:18

Goals
1 2 3 T
Wild 1 1 1 3
Capitals 0 1 1 2
Shots
1 2 3 T
Wild 15 8 8 31
Capitals 13 8 17 38

1st period

1. Wild , Nikita Kucherov 4 (Brad Marchand 7, Jack Eichel 4) at 12:02

Penalties :
Tomas Tatar (WAS) for Hooking (Minor) at 3:03, T.J. Oshie (MIW) for Delaying the game (Minor) at 17:33

2nd period

2. Capitals , Jake Guentzel 5 (Claude Giroux 9, Tomas Tatar 6) at 2:28
3. Wild , Sean Couturier 2 (Mattias Ekholm 3, Brayden McNabb 2) at 19:17

Penalties :
Patrice Bergeron (MIW) for Roughing (Minor) at 7:02, Derek Grant (WAS) for Holding (Minor) at 15:25

3rd period

4. Wild , Jesper Fast 2 (Sean Couturier 1) at 6:01
5. Capitals , Tomas Tatar 6 (Claude Giroux 10) at 9:51

Penalties :
Oliver Ekman-Larsson (WAS) for Hooking (Minor) at 19:57

Goalie Stats

Anton Khudobin (MIW), 36 saves from 38 shots - (0,947), W, 4-3-1, 60:00 minutes
Henrik Lundqvist (WAS), 28 saves from 31 shots - (0,903), L, 4-2-0, 59:34 minutes

Players Stats for Wild

Player Name              G  A  P  +/- PIM S  H  SB GA TA FO     MP     PP MP  PK MP  
------------------------------------------------------------------------------------
Adrian Kempe             0  0  0  -1  0   2  3  0  0  1  1/2    17:57   0:00   0:00 
Brad Marchand            0  1  1   1  0   2  3  0  0  0  0/0    19:49   2:06   1:38 
Brandon Carlo            0  0  0   0  0   0  1  0  0  1  0/0    21:31   1:56   1:35 
Brayden McNabb           0  1  1   1  0   3  2  0  0  0  0/0    22:18   0:08   2:23 
Chris Tierney            0  0  0  -1  0   0  0  1  1  1  2/7    10:18   0:00   1:49 
Devon Toews              0  0  0   0  0   0  1  2  0  0  0/0    15:33   1:56   0:00 
Frank Vatrano            0  0  0   2  0   0  1  0  1  0  0/0    11:31   0:00   1:02 
Jack Eichel              0  1  1   1  0   4  1  1  1  0  10/22  18:23   2:06   0:00 
Jesper Fast              1  0  1   2  0   3  0  1  1  0  0/0    13:12   0:00   2:08 
Jordan Greenway          0  0  0  -1  0   0  0  0  0  0  0/0     7:45   0:00   0:11 
Kevin Stenlund           0  0  0  -1  0   1  2  0  0  0  0/0     7:34   0:00   0:00 
Martin Marincin          0  0  0   0  0   0  2  1  0  0  0/0    15:57   0:00   2:23 
Mattias Ekholm           0  1  1   1  0   1  2  0  0  0  0/0    23:59   2:04   1:35 
Nikita Kucherov          1  0  1   1  0   2  1  0  1  0  0/1    18:10   1:54   0:00 
Patrice Bergeron         0  0  0  -1  2   8  5  0  0  0  13/21  18:58   1:54   0:00 
Ryan Suter               0  0  0   0  0   2  0  0  0  0  0/0    20:42   1:56   0:00 
Sean Couturier           1  1  2   2  0   1  1  0  0  0  1/5    13:26   2:06   1:08 
T.J. Oshie               0  0  0  -1  2   2  5  0  1  0  0/1    18:57   1:54   0:00 

Players Stats for Capitals

Player Name              G  A  P  +/- PIM S  H  SB GA TA FO     MP     PP MP  PK MP  
------------------------------------------------------------------------------------
Ben Chiarot              0  0  0   1  0   0  0  2  0  0  0/0    20:26   1:37   2:07 
Brady Skjei              0  0  0  -1  0   1  0  1  0  0  0/0    16:45   0:00   1:53 
Brock Nelson             0  0  0  -2  0   2  0  0  0  0  7/15   17:41   2:06   0:00 
Claude Giroux            0  2  2   1  0   4  2  0  0  0  15/24  20:56   2:06   0:59 
Damon Severson           0  0  0  -1  0   2  2  3  0  0  0/0    22:49   2:21   0:00 
Darren Helm              0  0  0   0  0   3  1  0  0  0  0/1    13:36   0:00   1:34 
Derek Grant              0  0  0   0  2   2  2  0  0  1  6/9    13:10   0:00   1:09 
Elias Pettersson         0  0  0  -2  0   4  1  0  1  0  0/2    17:36   1:52   0:59 
Ian Cole                 0  0  0   1  0   1  1  5  1  0  0/0    20:26   1:37   2:07 
Jake Guentzel            1  0  1   1  0   2  3  0  1  0  0/1    18:37   1:52   0:00 
Joakim Nordstrom         0  0  0   0  0   0  0  0  0  0  0/0     7:32   0:00   0:00 
Joel Eriksson Ek         0  0  0  -2  0   1  1  0  0  0  1/1    16:56   1:52   0:27 
Johan Larsson            0  0  0   0  0   5  1  2  0  0  1/1     9:40   0:00   2:08 
Oliver Ekman-Larsson     0  0  0  -1  2   1  0  2  0  1  0/0    22:48   2:21   0:00 
Riley Sheahan            0  0  0   0  0   3  0  0  0  0  1/3     8:16   0:00   0:44 
Tomas Tatar              1  1  2   1  2   4  0  2  0  1  1/2    19:56   2:06   0:00 
Tyler Pitlick            0  0  0   0  0   2  3  0  0  0  0/0    12:02   0:00   0:00 
Zach Bogosian            0  0  0  -1  0   1  2  1  0  3  0/0    16:45   0:00   1:53 

3 Stars

1 - Sean Couturier (MIW)
2 - Anton Khudobin (MIW)
3 - Jesper Fast (MIW)

Power Play

Wild - 0 on 3 Attempt(s) - 0,00%
Capitals - 0 on 2 Attempt(s) - 0,00%

Penalty Kill

Wild - 2 on 2 Attempt(s) - 100,00% - Score 0 goal in Penalty Kill
Capitals - 3 on 3 Attempt(s) - 100,00% - Score 0 goal in Penalty Kill

Team Stat

Wild - Hits : 30 - Faceoff Wins : 27 - Blocked Shots : 6 - Penalty Minutes : 4
Capitals - Hits : 19 - Faceoff Wins : 32 - Blocked Shots : 18 - Penalty Minutes : 6

Official

Referees : Justin St. Pierre and Wes McCauley
Linesman : James Tobias and Trent Knorr

Game Notes

No Game Note

Finance

Level 1 -- Attendance: 5035 (83,92%) -- Ticket Income 503 500 $
Level 2 -- Attendance: 3316 (66,32%) -- Ticket Income 232 120 $
Level 3 -- Attendance: 1540 (77,00%) -- Ticket Income 64 680 $
Level 4 -- Attendance: 3055 (76,38%) -- Ticket Income 76 375 $
Luxury Box -- Attendance: 775 (77,50%) -- Ticket Income 151 125 $
Game was played at the Washington Arena.
Total Attendance: 13721 (76,23%)
Total Ticket Income: 1 027 800 $
Other Income: 503 622 $
Total Income: 1 531 422 $

Wild

5 vs 5 Forward 
   Center                   Left Wing                Right Wing               Time % Phy DF OF 
 1 Jack Eichel              Brad Marchand            Nikita Kucherov          37     0   2  3  
 2 Patrice Bergeron         T.J. Oshie               Adrian Kempe             37     0   2  3  
 3 Sean Couturier           Frank Vatrano            Jesper Fast              20     0   2  3  
 4 Chris Tierney            Jordan Greenway          Kevin Stenlund           6      2   3  0  

5 vs 5 Defense 
   Defense                  Defense                                           Time % Phy DF OF 
 1 Brandon Carlo            Ryan Suter                                        37     0   2  3  
 2 Mattias Ekholm           Brayden McNabb                                    37     1   2  2  
 3 Martin Marincin          Devon Toews                                       26     1   2  2  
 4 Mattias Ekholm           Ryan Suter                                        0      1   2  2  

PowerPlay Forward 
   Center                   Left Wing                Right Wing               Time % Phy DF OF 
 1 Sean Couturier           Brad Marchand            Jack Eichel              50     0   1  4  
 2 Patrice Bergeron         Nikita Kucherov          T.J. Oshie               50     0   0  5  

PowerPlay Defense
   Defense                  Defense                                           Time % Phy DF OF 
 1 Brandon Carlo            Mattias Ekholm                                    60     0   1  4  
 2 Devon Toews              Ryan Suter                                        40     0   2  3  

Penalty Kill 4 Players Forward 
   Center                   Wing                     Time % Phy DF OF 
 1 Chris Tierney            Jesper Fast              60     0   4  1  
 2 Sean Couturier           Brad Marchand            40     0   5  0  

Penalty Kill 4 Players Defense
   Defense                  Defense                  Time % Phy DF OF 
 1 Brayden McNabb           Martin Marincin          60     0   4  0  
 2 Mattias Ekholm           Brandon Carlo            40     0   5  0  

Penalty Kill - 3 Players Forward 
   Forward                                           Time % Phy DF OF 
 1 Chris Tierney                                     60     0   5  0  
 2 Jesper Fast                                       40     0   5  0  

Penalty Kill - 3 Players Defense
   Defense                  Defense                  Time % Phy DF OF 
 1 Brayden McNabb           Mattias Ekholm           65     0   5  0  
 2 Martin Marincin          Brandon Carlo            35     0   5  0  

4 vs 4 Forward 
   Center                   Wing                     Time % Phy DF OF 
 1 Jack Eichel              Nikita Kucherov          50     1   2  2  
 2 Patrice Bergeron         Brad Marchand            50     1   2  2  

4 vs 4 Defense
   Defense                  Defense                  Time % Phy DF OF 
 1 Mattias Ekholm           Ryan Suter               60     1   2  2  
 2 Brayden McNabb           Devon Toews              40     1   2  2  

Last Minutes Offensive
   Center                   Left Wing                Right Wing               Defense                  Defense                  
   Jack Eichel              Brad Marchand            Nikita Kucherov          Mattias Ekholm           Ryan Suter               

Last Minutes Defensive
   Center                   Left Wing                Right Wing               Defense                  Defense                  
   Chris Tierney            Jesper Fast              Adrian Kempe             Brayden McNabb           Mattias Ekholm           

Goaltenders
Starting : Anton Khudobin           
Backup : Linus Ullmark            

Extra Forwards
Normal : Adrian Kempe, Brad Marchand, Frank Vatrano - PP : Jack Eichel, Nikita Kucherov - PK : Frank Vatrano
Extra Defensemen
Normal : Mattias Ekholm, Devon Toews, Brayden McNabb - PP : Brandon Carlo - PK : Brayden McNabb, Mattias Ekholm
Penalty Shots
T.J. Oshie, Nikita Kucherov, Patrice Bergeron, Jack Eichel, Sean Couturier
Custom OT Lines Forwards
Jack Eichel, Nikita Kucherov, Brad Marchand, Patrice Bergeron, T.J. Oshie, Sean Couturier, Frank Vatrano, Chris Tierney, Adrian Kempe, Jordan Greenway
Custom OT Lines Defensemen
Brayden McNabb, Ryan Suter, Mattias Ekholm, Brandon Carlo, Devon Toews

Scratches
Adam Fox (Abdomen/Ribs Injury), Kris Letang (Strained Back Injury)

Capitals

5 vs 5 Forward 
   Center                   Left Wing                Right Wing               Time % Phy DF OF 
 1 Claude Giroux            Jake Guentzel            Tomas Tatar              37     1   2  2  
 2 Brock Nelson             Elias Pettersson         Joel Eriksson Ek         30     1   2  2  
 3 Derek Grant              Darren Helm              Tyler Pitlick            23     1   2  2  
 4 Riley Sheahan            Johan Larsson            Joakim Nordstrom         10     1   2  2  

5 vs 5 Defense 
   Defense                  Defense                                           Time % Phy DF OF 
 1 Damon Severson           Oliver Ekman-Larsson                              32     1   2  2  
 2 Ian Cole                 Ben Chiarot                                       31     1   2  2  
 3 Brady Skjei              Zach Bogosian                                     27     1   2  2  
 4 Damon Severson           Oliver Ekman-Larsson                              10     1   2  2  

PowerPlay Forward 
   Center                   Left Wing                Right Wing               Time % Phy DF OF 
 1 Claude Giroux            Brock Nelson             Tomas Tatar              60     1   2  2  
 2 Jake Guentzel            Elias Pettersson         Joel Eriksson Ek         40     1   2  2  

PowerPlay Defense
   Defense                  Defense                                           Time % Phy DF OF 
 1 Damon Severson           Oliver Ekman-Larsson                              60     1   2  2  
 2 Ian Cole                 Ben Chiarot                                       40     1   2  2  

Penalty Kill 4 Players Forward 
   Center                   Wing                     Time % Phy DF OF 
 1 Derek Grant              Johan Larsson            60     1   2  2  
 2 Riley Sheahan            Darren Helm              40     1   2  2  

Penalty Kill 4 Players Defense
   Defense                  Defense                  Time % Phy DF OF 
 1 Brady Skjei              Zach Bogosian            60     1   2  2  
 2 Ian Cole                 Ben Chiarot              40     1   2  2  

Penalty Kill - 3 Players Forward 
   Forward                                           Time % Phy DF OF 
 1 Derek Grant                                       60     1   2  2  
 2 Riley Sheahan                                     40     1   2  2  

Penalty Kill - 3 Players Defense
   Defense                  Defense                  Time % Phy DF OF 
 1 Brady Skjei              Zach Bogosian            60     1   2  2  
 2 Ian Cole                 Ben Chiarot              40     1   2  2  

4 vs 4 Forward 
   Center                   Wing                     Time % Phy DF OF 
 1 Claude Giroux            Elias Pettersson         60     1   2  2  
 2 Brock Nelson             Jake Guentzel            40     1   2  2  

4 vs 4 Defense
   Defense                  Defense                  Time % Phy DF OF 
 1 Damon Severson           Oliver Ekman-Larsson     60     1   2  2  
 2 Ian Cole                 Ben Chiarot              40     1   2  2  

Last Minutes Offensive
   Center                   Left Wing                Right Wing               Defense                  Defense                  
   Claude Giroux            Brock Nelson             Tomas Tatar              Damon Severson           Oliver Ekman-Larsson     

Last Minutes Defensive
   Center                   Left Wing                Right Wing               Defense                  Defense                  
   Claude Giroux            Brock Nelson             Tomas Tatar              Damon Severson           Oliver Ekman-Larsson     

Goaltenders
Starting : Henrik Lundqvist         
Backup : Samuel Montembeault      

Extra Forwards
Normal : Derek Grant, Riley Sheahan, Darren Helm - PP : Derek Grant, Riley Sheahan - PK : Darren Helm
Extra Defensemen
Normal : Brady Skjei, Zach Bogosian, Ian Cole - PP : Brady Skjei - PK : Zach Bogosian, Ian Cole
Penalty Shots
Claude Giroux, Brock Nelson, Elias Pettersson, Jake Guentzel, Tomas Tatar
Custom OT Lines Forwards
Claude Giroux, Brock Nelson, Elias Pettersson, Jake Guentzel, Tomas Tatar, Joel Eriksson Ek, Derek Grant, Riley Sheahan, Darren Helm, Johan Larsson
Custom OT Lines Defensemen
Damon Severson, Oliver Ekman-Larsson, Ian Cole, Ben Chiarot, Brady Skjei

Scratches
Kevin Rooney (Healthy), Curtis McKenzie (Healthy)

% Time on Ice - Wild

Lines # - Real PCT - Wanted PCT - Time Play
Normal Forward
1 - 32% - 37% - 16:20
2 - 33% - 37% - 17:04
3 - 20% - 20% - 10:09
4 - 15% - 6% - 7:34
Normal Defense
1 - 36% - 37% - 18:11
2 - 37% - 37% - 19:03
3 - 26% - 26% - 13:15
4 - 1% - 0% - 0:38
PP Forward
1 - 53% - 50% - 2:06
2 - 48% - 50% - 1:54
PP Defense
1 - 52% - 60% - 2:04
2 - 48% - 40% - 1:56
PK Forward
1 - 76% - 60% - 3:01
2 - 24% - 40% - 0:57
PK Defense
1 - 60% - 60% - 2:23
2 - 40% - 40% - 1:35
PK3 Forward
1 - 0% - 60%
2 - 0% - 40%
PK3 Defense
1 - 0% - 65%
2 - 0% - 35%
44 Forward
1 - 0% - 50%
2 - 0% - 50%
44 Defense
1 - 0% - 60%
2 - 0% - 40%
Last Minute Offensive  - 0:00
Last Minute Defensive  - 0:55
Total
Forward - 60:00
Defense - 60:00

% Time on Ice - Capitals

Lines # - Real PCT - Wanted PCT - Time Play
Normal Forward
1 - 33% - 37% - 16:52
2 - 29% - 30% - 14:37
3 - 24% - 23% - 12:02
4 - 15% - 10% - 7:32
Normal Defense
1 - 32% - 32% - 16:24
2 - 33% - 31% - 16:42
3 - 28% - 27% - 14:10
4 - 7% - 10% - 3:47
PP Forward
1 - 53% - 60% - 2:06
2 - 47% - 40% - 1:52
PP Defense
1 - 59% - 60% - 2:21
2 - 41% - 40% - 1:37
PK Forward
1 - 82% - 60% - 3:16
2 - 18% - 40% - 0:44
PK Defense
1 - 47% - 60% - 1:53
2 - 53% - 40% - 2:07
PK3 Forward
1 - 0% - 60%
2 - 0% - 40%
PK3 Defense
1 - 0% - 60%
2 - 0% - 40%
44 Forward
1 - 0% - 60%
2 - 0% - 40%
44 Defense
1 - 0% - 60%
2 - 0% - 40%
Last Minute Offensive  - 0:59
Last Minute Defensive  - 0:00
Total
Forward - 60:00
Defense - 60:00

Play-by-Play

1st period


0:01 of 1st period - Jack Eichel wins face-off versus Claude Giroux in neutral zone.
0:17 of 1st period - Wrist shot by Tomas Tatar.
0:17 of 1st period - Stopped by Anton Khudobin without a rebound.
0:18 of 1st period - Brock Nelson wins face-off versus Patrice Bergeron in Wild zone.
0:21 of 1st period - Wrist shot by Brock Nelson.
0:21 of 1st period - Stopped by Anton Khudobin without a rebound.
0:22 of 1st period - Patrice Bergeron wins face-off versus Brock Nelson in Wild zone.
1:00 of 1st period - Wrist shot by Chris Tierney.
1:00 of 1st period - Shot Blocked by Ben Chiarot.
1:09 of 1st period - Icing by Derek Grant.
1:10 of 1st period - Claude Giroux wins face-off versus Sean Couturier in Capitals zone.
1:41 of 1st period - Snap shot by Adrian Kempe.
1:41 of 1st period - Deflect By Patrice Bergeron.
1:41 of 1st period - Shot Misses the Net.
1:41 of 1st period - Puck is out of play.
1:42 of 1st period - Patrice Bergeron wins face-off versus Riley Sheahan in Capitals zone.
1:45 of 1st period - Wrist shot by Patrice Bergeron.
1:45 of 1st period - Stopped by Henrik Lundqvist without a rebound.
1:46 of 1st period - Riley Sheahan wins face-off versus Jack Eichel in Capitals zone.
2:01 of 1st period - Slapshot by Nikita Kucherov.
2:01 of 1st period - Shot Blocked by Johan Larsson.
2:03 of 1st period - Snap shot by Brad Marchand.
2:03 of 1st period - Stopped by Henrik Lundqvist without a rebound.
2:04 of 1st period - Patrice Bergeron wins face-off versus Brock Nelson in Capitals zone.
2:19 of 1st period - Snap shot by Patrice Bergeron.
2:19 of 1st period - Stopped by Henrik Lundqvist with a rebound.
2:49 of 1st period - Claude Giroux is hit by Brandon Carlo and loses puck.
3:03 of 1st period - Minor Penalty to Tomas Tatar for Hooking.
3:04 of 1st period - Derek Grant wins face-off versus Sean Couturier in Capitals zone.
3:31 of 1st period - Ian Cole is hit by Mattias Ekholm and loses puck.
3:40 of 1st period - Snap shot by Nikita Kucherov.
3:40 of 1st period - Shot Misses the Net.
3:42 of 1st period - Slapshot by Ryan Suter.
3:42 of 1st period - Deflect By Darren Helm.
3:42 of 1st period - Stopped by Henrik Lundqvist without a rebound.
3:43 of 1st period - Derek Grant wins face-off versus Sean Couturier in Capitals zone.
3:43 of 1st period - Derek Grant is hit by Devon Toews.
5:03 of 1st period - Penalty to Tomas Tatar is over, Tomas Tatar is back on ice.
5:10 of 1st period - Wrist shot by Kevin Stenlund.
5:10 of 1st period - Stopped by Henrik Lundqvist without a rebound.
5:11 of 1st period - Brock Nelson wins face-off versus Chris Tierney in Capitals zone.
6:00 of 1st period - Snap shot by Jake Guentzel.
6:00 of 1st period - Shot Blocked by Martin Marincin.
6:02 of 1st period - Slapshot by Tyler Pitlick.
6:02 of 1st period - Stopped by Anton Khudobin without a rebound.
6:03 of 1st period - Derek Grant wins face-off versus Jack Eichel in Wild zone.
6:12 of 1st period - Wrist shot by Jack Eichel.
6:12 of 1st period - Stopped by Henrik Lundqvist with a rebound.
6:16 of 1st period - Snap shot by Jack Eichel.
6:16 of 1st period - Stopped by Henrik Lundqvist with a rebound.
6:30 of 1st period - Brady Skjei is hit by Patrice Bergeron and loses puck.
6:43 of 1st period - Patrice Bergeron is hit by Elias Pettersson.
7:17 of 1st period - Slapshot by Riley Sheahan.
7:17 of 1st period - Shot Misses the Net.
7:19 of 1st period - Slapshot by Ian Cole.
7:19 of 1st period - Stopped by Anton Khudobin with a rebound.
7:35 of 1st period - Snap shot by Darren Helm.
7:35 of 1st period - Stopped by Anton Khudobin without a rebound.
7:36 of 1st period - Derek Grant wins face-off versus Jack Eichel in Wild zone.
7:41 of 1st period - Snap shot by Darren Helm.
7:41 of 1st period - Deflect By Derek Grant.
7:41 of 1st period - Stopped by Anton Khudobin without a rebound.
7:42 of 1st period - Patrice Bergeron wins face-off versus Claude Giroux in Wild zone.
8:07 of 1st period - Brock Nelson is hit by Brad Marchand and loses puck.
8:14 of 1st period - Wrist shot by Nikita Kucherov.
8:14 of 1st period - Stopped by Henrik Lundqvist with a rebound.
8:16 of 1st period - Snap shot by Jack Eichel.
8:16 of 1st period - Stopped by Henrik Lundqvist with a rebound.
8:18 of 1st period - Slapshot by Brad Marchand.
8:18 of 1st period - Shot Blocked by Zach Bogosian.
8:55 of 1st period - Snap shot by Patrice Bergeron.
8:55 of 1st period - Stopped by Henrik Lundqvist without a rebound.
8:56 of 1st period - Claude Giroux wins face-off versus T.J. Oshie in Capitals zone.
9:05 of 1st period - Wrist shot by Jake Guentzel.
9:05 of 1st period - Stopped by Anton Khudobin with a rebound.
9:28 of 1st period - Wrist shot by Patrice Bergeron.
9:28 of 1st period - Stopped by Henrik Lundqvist without a rebound.
9:29 of 1st period - Jack Eichel wins face-off versus Elias Pettersson in Capitals zone.
9:36 of 1st period - Wrist shot by Nikita Kucherov.
9:36 of 1st period - Shot Blocked by Ian Cole.
10:39 of 1st period - Slapshot by Claude Giroux.
10:39 of 1st period - Shot Blocked by Devon Toews.
10:59 of 1st period - Damon Severson is hit by Kevin Stenlund and loses puck.
11:44 of 1st period - Snap shot by T.J. Oshie.
11:44 of 1st period - Stopped by Henrik Lundqvist with a rebound.
11:46 of 1st period - Wrist shot by Brayden McNabb.
11:46 of 1st period - Stopped by Henrik Lundqvist without a rebound.
11:47 of 1st period - Jack Eichel wins face-off versus Brock Nelson in Capitals zone.
12:02 of 1st period - Snap shot by Nikita Kucherov.
12:02 of 1st period - Goal by Nikita Kucherov - Wild : 1 - Capitals : 0.
12:03 of 1st period - Claude Giroux wins face-off versus Jack Eichel in neutral zone.
12:30 of 1st period - Joel Eriksson Ek is hit by Brayden McNabb and loses puck.
12:37 of 1st period - Slapshot by Zach Bogosian.
12:37 of 1st period - Stopped by Anton Khudobin without a rebound.
12:38 of 1st period - Adrian Kempe wins face-off versus Derek Grant in Wild zone.
12:53 of 1st period - Slapshot by Patrice Bergeron.
12:53 of 1st period - Stopped by Henrik Lundqvist with a rebound.
13:27 of 1st period - Brad Marchand is hit by Derek Grant.
13:31 of 1st period - Darren Helm is hit by Jack Eichel and loses puck.
13:48 of 1st period - T.J. Oshie is hit by Jake Guentzel and loses puck.
13:55 of 1st period - Claude Giroux is hit by T.J. Oshie and loses puck.
14:14 of 1st period - Snap shot by Brock Nelson.
14:14 of 1st period - Stopped by Anton Khudobin without a rebound.
14:15 of 1st period - Brock Nelson wins face-off versus Jack Eichel in Wild zone.
14:35 of 1st period - Icing by Martin Marincin.
14:36 of 1st period - Claude Giroux wins face-off versus Jack Eichel in Wild zone.
14:47 of 1st period - Snap shot by Claude Giroux.
14:47 of 1st period - Stopped by Anton Khudobin with a rebound.
14:53 of 1st period - Wrist shot by Jake Guentzel.
14:53 of 1st period - Shot Misses the Net.
15:23 of 1st period - Wrist shot by Riley Sheahan.
15:23 of 1st period - Stopped by Anton Khudobin without a rebound.
15:24 of 1st period - Sean Couturier wins face-off versus Riley Sheahan in Wild zone.
15:45 of 1st period - Snap shot by Johan Larsson.
15:45 of 1st period - Stopped by Anton Khudobin without a rebound.
15:46 of 1st period - Patrice Bergeron wins face-off versus Claude Giroux in Wild zone.
15:51 of 1st period - Oliver Ekman-Larsson is hit by Adrian Kempe and loses puck.
16:51 of 1st period - Snap shot by Brad Marchand.
16:51 of 1st period - Shot Blocked by Johan Larsson.
16:53 of 1st period - Backhand shot by Mattias Ekholm.
16:53 of 1st period - Deflect By Nikita Kucherov.
16:53 of 1st period - Shot Blocked by Ian Cole.
16:53 of 1st period - Puck is out of play.
16:54 of 1st period - Patrice Bergeron wins face-off versus Tomas Tatar in Capitals zone.
17:06 of 1st period - Off-side.
17:07 of 1st period - Claude Giroux wins face-off versus Patrice Bergeron in neutral zone.
17:12 of 1st period - Backhand shot by Tomas Tatar.
17:12 of 1st period - Deflect By Claude Giroux.
17:12 of 1st period - Stopped by Anton Khudobin without a rebound.
17:13 of 1st period - Patrice Bergeron wins face-off versus Claude Giroux in Wild zone.
17:18 of 1st period - Zach Bogosian is hit by Adrian Kempe.
17:33 of 1st period - Minor Penalty to T.J. Oshie for Delaying the game.
17:34 of 1st period - Claude Giroux wins face-off versus Chris Tierney in Wild zone.
17:51 of 1st period - Snap shot by Tomas Tatar.
17:51 of 1st period - Shot Misses the Net.
18:15 of 1st period - Backhand shot by Sean Couturier.
18:15 of 1st period - Shot Blocked by Tomas Tatar.
19:21 of 1st period - Ben Chiarot is hit by Martin Marincin and loses puck.
19:33 of 1st period - Penalty to T.J. Oshie is over, T.J. Oshie is back on ice.
19:44 of 1st period - Slapshot by Patrice Bergeron.
19:44 of 1st period - Shot Misses the Net.
19:50 of 1st period - Adrian Kempe is hit by Ian Cole and loses puck.
Goals for this period are 1 for Wild vs 0 for Capitals.
Shots for this period are 15 for Wild vs 13 for Capitals.

2nd period


0:01 of 2nd period - Jack Eichel wins face-off versus Jake Guentzel in neutral zone.
0:10 of 2nd period - Snap shot by Jack Eichel.
0:10 of 2nd period - Stopped by Henrik Lundqvist with a rebound.
0:34 of 2nd period - Snap shot by T.J. Oshie.
0:34 of 2nd period - Stopped by Henrik Lundqvist without a rebound.
0:35 of 2nd period - Jack Eichel wins face-off versus Brock Nelson in Capitals zone.
1:45 of 2nd period - Frank Vatrano is hit by Claude Giroux.
2:02 of 2nd period - Slapshot by Claude Giroux.
2:02 of 2nd period - Shot Misses the Net.
2:24 of 2nd period - Wrist shot by Tomas Tatar.
2:24 of 2nd period - Shot Misses the Net.
2:28 of 2nd period - Snap shot by Jake Guentzel.
2:28 of 2nd period - Goal by Jake Guentzel - Wild : 1 - Capitals : 1.
2:29 of 2nd period - Brock Nelson wins face-off versus Jack Eichel in neutral zone.
2:34 of 2nd period - Snap shot by Brad Marchand.
2:34 of 2nd period - Stopped by Henrik Lundqvist without a rebound.
2:35 of 2nd period - Brock Nelson wins face-off versus Jack Eichel in Capitals zone.
2:44 of 2nd period - Brock Nelson is hit by Mattias Ekholm and loses puck.
3:01 of 2nd period - Joel Eriksson Ek is hit by Brayden McNabb and loses puck.
3:26 of 2nd period - Slapshot by Patrice Bergeron.
3:26 of 2nd period - Stopped by Henrik Lundqvist with a rebound.
3:32 of 2nd period - Wrist shot by Patrice Bergeron.
3:32 of 2nd period - Shot Blocked by Damon Severson.
3:50 of 2nd period - Wrist shot by Johan Larsson.
3:50 of 2nd period - Stopped by Anton Khudobin with a rebound.
3:52 of 2nd period - Slapshot by Oliver Ekman-Larsson.
3:52 of 2nd period - Shot Misses the Net.
3:56 of 2nd period - Wrist shot by Johan Larsson.
3:56 of 2nd period - Shot Blocked by Chris Tierney.
4:50 of 2nd period - Brady Skjei is hit by Adrian Kempe and loses puck.
6:06 of 2nd period - Tyler Pitlick is hit by Sean Couturier and loses puck.
6:47 of 2nd period - Wrist shot by Johan Larsson.
6:47 of 2nd period - Stopped by Anton Khudobin with a rebound.
6:53 of 2nd period - Snap shot by Jack Eichel.
6:53 of 2nd period - Shot Blocked by Damon Severson.
6:55 of 2nd period - Slapshot by Ryan Suter.
6:55 of 2nd period - Stopped by Henrik Lundqvist with a rebound.
6:57 of 2nd period - Slapshot by Brandon Carlo.
6:57 of 2nd period - Deflect By Brad Marchand.
6:57 of 2nd period - Shot Misses the Net.
6:57 of 2nd period - Puck is out of play.
6:58 of 2nd period - Claude Giroux wins face-off versus Adrian Kempe in Capitals zone.
7:02 of 2nd period - Minor Penalty to Patrice Bergeron for Roughing.
7:03 of 2nd period - Chris Tierney wins face-off versus Claude Giroux in Wild zone.
7:29 of 2nd period - Brayden McNabb is hit by Jake Guentzel and loses puck.
9:02 of 2nd period - Penalty to Patrice Bergeron is over, Patrice Bergeron is back on ice.
9:10 of 2nd period - T.J. Oshie is hit by Tyler Pitlick and loses puck.
9:34 of 2nd period - Joakim Nordstrom is hit by Nikita Kucherov and loses puck.
9:45 of 2nd period - Johan Larsson is hit by T.J. Oshie and loses puck.
10:53 of 2nd period - Mattias Ekholm is hit by Jake Guentzel and loses puck.
11:04 of 2nd period - Snap shot by Riley Sheahan.
11:04 of 2nd period - Stopped by Anton Khudobin without a rebound.
11:05 of 2nd period - Johan Larsson wins face-off versus Jack Eichel in Wild zone.
11:48 of 2nd period - Frank Vatrano is hit by Damon Severson and loses puck.
12:20 of 2nd period - Snap shot by Darren Helm.
12:20 of 2nd period - Stopped by Anton Khudobin without a rebound.
12:21 of 2nd period - Patrice Bergeron wins face-off versus Brock Nelson in Wild zone.
12:28 of 2nd period - Brady Skjei is hit by Patrice Bergeron and loses puck.
13:38 of 2nd period - Snap shot by Johan Larsson.
13:38 of 2nd period - Stopped by Anton Khudobin without a rebound.
13:39 of 2nd period - Patrice Bergeron wins face-off versus Claude Giroux in Wild zone.
13:52 of 2nd period - Wrist shot by Patrice Bergeron.
13:52 of 2nd period - Shot Blocked by Ian Cole.
13:54 of 2nd period - Snap shot by Adrian Kempe.
13:54 of 2nd period - Stopped by Henrik Lundqvist with a rebound.
14:01 of 2nd period - Icing by Ian Cole.
14:02 of 2nd period - Jack Eichel wins face-off versus Elias Pettersson in Capitals zone.
14:29 of 2nd period - Claude Giroux is hit by Patrice Bergeron and loses puck.
15:25 of 2nd period - Minor Penalty to Derek Grant for Holding.
15:26 of 2nd period - Patrice Bergeron wins face-off versus Darren Helm in Capitals zone.
15:34 of 2nd period - Snap shot by Patrice Bergeron.
15:34 of 2nd period - Shot Blocked by Ian Cole.
15:36 of 2nd period - Snap shot by Patrice Bergeron.
15:36 of 2nd period - Shot Hit the Post.
15:52 of 2nd period - Ian Cole is hit by Brad Marchand.
16:08 of 2nd period - Ryan Suter is hit by Zach Bogosian and loses puck.
16:49 of 2nd period - Joel Eriksson Ek is hit by T.J. Oshie and loses puck.
17:25 of 2nd period - Penalty to Derek Grant is over, Derek Grant is back on ice.
17:30 of 2nd period - Snap shot by Tyler Pitlick.
17:30 of 2nd period - Stopped by Anton Khudobin without a rebound.
17:31 of 2nd period - Chris Tierney wins face-off versus Derek Grant in Wild zone.
17:31 of 2nd period - Chris Tierney is hit by Tyler Pitlick.
17:55 of 2nd period - Jordan Greenway is hit by Derek Grant and loses puck.
18:08 of 2nd period - Wrist shot by Tyler Pitlick.
18:08 of 2nd period - Deflect By Derek Grant.
18:08 of 2nd period - Stopped by Anton Khudobin without a rebound.
18:09 of 2nd period - Claude Giroux wins face-off versus Patrice Bergeron in Wild zone.
18:39 of 2nd period - Off-side.
18:40 of 2nd period - Jack Eichel wins face-off versus Brock Nelson in neutral zone.
19:09 of 2nd period - Slapshot by Sean Couturier.
19:09 of 2nd period - Shot Misses the Net.
19:11 of 2nd period - Slapshot by Brayden McNabb.
19:11 of 2nd period - Stopped by Henrik Lundqvist with a rebound.
19:13 of 2nd period - Snap shot by Frank Vatrano.
19:13 of 2nd period - Shot Blocked by Oliver Ekman-Larsson.
19:15 of 2nd period - Slapshot by Brayden McNabb.
19:15 of 2nd period - Shot Blocked by Oliver Ekman-Larsson.
19:17 of 2nd period - Slapshot by Mattias Ekholm.
19:17 of 2nd period - Deflect By Sean Couturier.
19:17 of 2nd period - Goal by Sean Couturier - Wild : 2 - Capitals : 1.
19:18 of 2nd period - Claude Giroux wins face-off versus Patrice Bergeron in neutral zone.
19:27 of 2nd period - Jake Guentzel is hit by Patrice Bergeron and loses puck.
19:43 of 2nd period - Icing by Jake Guentzel.
19:44 of 2nd period - Joel Eriksson Ek wins face-off versus Jack Eichel in Capitals zone.
Goals for this period are 1 for Wild vs 1 for Capitals.
Shots for this period are 8 for Wild vs 8 for Capitals.

3rd period


0:01 of 3rd period - Claude Giroux wins face-off versus Patrice Bergeron in neutral zone.
0:12 of 3rd period - Snap shot by T.J. Oshie.
0:12 of 3rd period - Shot Misses the Net.
0:14 of 3rd period - Slapshot by Patrice Bergeron.
0:14 of 3rd period - Shot Blocked by Tomas Tatar.
0:16 of 3rd period - Slapshot by Mattias Ekholm.
0:16 of 3rd period - Stopped by Henrik Lundqvist without a rebound.
0:17 of 3rd period - Jack Eichel wins face-off versus Brock Nelson in Capitals zone.
0:44 of 3rd period - Tomas Tatar is hit by T.J. Oshie and loses puck.
1:31 of 3rd period - Snap shot by Elias Pettersson.
1:31 of 3rd period - Stopped by Anton Khudobin without a rebound.
1:32 of 3rd period - Brock Nelson wins face-off versus Chris Tierney in Wild zone.
2:01 of 3rd period - Snap shot by Patrice Bergeron.
2:01 of 3rd period - Stopped by Henrik Lundqvist without a rebound.
2:02 of 3rd period - Tomas Tatar wins face-off versus Patrice Bergeron in Capitals zone.
2:13 of 3rd period - Snap shot by Patrice Bergeron.
2:13 of 3rd period - Shot Blocked by Ian Cole.
2:15 of 3rd period - Snap shot by Martin Marincin.
2:15 of 3rd period - Shot Blocked by Ben Chiarot.
2:17 of 3rd period - Snap shot by Patrice Bergeron.
2:17 of 3rd period - Stopped by Henrik Lundqvist with a rebound.
2:38 of 3rd period - Wrist shot by Brock Nelson.
2:38 of 3rd period - Shot Misses the Net.
4:40 of 3rd period - Frank Vatrano is hit by Damon Severson and loses puck.
4:53 of 3rd period - Martin Marincin is hit by Tyler Pitlick and loses puck.
5:38 of 3rd period - Patrice Bergeron is hit by Johan Larsson and loses puck.
5:55 of 3rd period - Jesper Fast is hit by Claude Giroux.
6:01 of 3rd period - Wrist shot by Jesper Fast.
6:01 of 3rd period - Goal by Jesper Fast - Wild : 3 - Capitals : 1.
6:02 of 3rd period - Claude Giroux wins face-off versus Jack Eichel in neutral zone.
6:28 of 3rd period - Ryan Suter is hit by Darren Helm and loses puck.
6:39 of 3rd period - Slapshot by Damon Severson.
6:39 of 3rd period - Shot Blocked by Jack Eichel.
6:41 of 3rd period - Snap shot by Oliver Ekman-Larsson.
6:41 of 3rd period - Stopped by Anton Khudobin with a rebound.
6:56 of 3rd period - Wrist shot by Adrian Kempe.
6:56 of 3rd period - Shot Blocked by Damon Severson.
6:58 of 3rd period - Slapshot by Patrice Bergeron.
6:58 of 3rd period - Shot Misses the Net.
7:14 of 3rd period - Snap shot by Riley Sheahan.
7:14 of 3rd period - Stopped by Anton Khudobin with a rebound.
7:16 of 3rd period - Snap shot by Joakim Nordstrom.
7:16 of 3rd period - Shot Misses the Net.
7:22 of 3rd period - Wrist shot by Johan Larsson.
7:22 of 3rd period - Shot Misses the Net.
8:24 of 3rd period - Slapshot by Brock Nelson.
8:24 of 3rd period - Shot Blocked by Jesper Fast.
9:35 of 3rd period - Off-side.
9:36 of 3rd period - Brock Nelson wins face-off versus Jack Eichel in neutral zone.
9:49 of 3rd period - Snap shot by Elias Pettersson.
9:49 of 3rd period - Stopped by Anton Khudobin without a rebound.
9:50 of 3rd period - Claude Giroux wins face-off versus Patrice Bergeron in Wild zone.
9:51 of 3rd period - Snap shot by Tomas Tatar.
9:51 of 3rd period - Goal by Tomas Tatar - Wild : 3 - Capitals : 2.
9:52 of 3rd period - Patrice Bergeron wins face-off versus Claude Giroux in neutral zone.
10:21 of 3rd period - Wrist shot by Damon Severson.
10:21 of 3rd period - Stopped by Anton Khudobin without a rebound.
10:22 of 3rd period - Jack Eichel wins face-off versus Brock Nelson in Wild zone.
11:48 of 3rd period - Damon Severson is hit by Kevin Stenlund and loses puck.
12:10 of 3rd period - Off-side.
12:11 of 3rd period - Derek Grant wins face-off versus Patrice Bergeron in neutral zone.
12:50 of 3rd period - Snap shot by Darren Helm.
12:50 of 3rd period - Stopped by Anton Khudobin without a rebound.
12:51 of 3rd period - Jack Eichel wins face-off versus Claude Giroux in Wild zone.
13:44 of 3rd period - Jordan Greenway is hit by Joel Eriksson Ek.
13:58 of 3rd period - Slapshot by Elias Pettersson.
13:58 of 3rd period - Stopped by Anton Khudobin with a rebound.
14:06 of 3rd period - Backhand shot by Elias Pettersson.
14:06 of 3rd period - Stopped by Anton Khudobin with a rebound.
14:08 of 3rd period - Slapshot by Damon Severson.
14:08 of 3rd period - Shot Misses the Net.
14:10 of 3rd period - Wrist shot by Joel Eriksson Ek.
14:10 of 3rd period - Shot Misses the Net.
14:12 of 3rd period - Slapshot by Damon Severson.
14:12 of 3rd period - Shot Blocked by Devon Toews.
14:14 of 3rd period - Wrist shot by Damon Severson.
14:14 of 3rd period - Shot Misses the Net.
14:16 of 3rd period - Wrist shot by Brock Nelson.
14:16 of 3rd period - Shot Misses the Net.
14:18 of 3rd period - Slapshot by Joel Eriksson Ek.
14:18 of 3rd period - Stopped by Anton Khudobin with a rebound.
14:20 of 3rd period - Slapshot by Damon Severson.
14:20 of 3rd period - Deflect By T.J. Oshie.
14:20 of 3rd period - Stopped by Anton Khudobin without a rebound.
14:21 of 3rd period - Claude Giroux wins face-off versus Nikita Kucherov in Wild zone.
14:48 of 3rd period - Jesper Fast is hit by Zach Bogosian and loses puck.
14:59 of 3rd period - Snap shot by Jesper Fast.
14:59 of 3rd period - Stopped by Henrik Lundqvist with a rebound.
15:26 of 3rd period - Ian Cole is hit by Patrice Bergeron and loses puck.
15:33 of 3rd period - Slapshot by Johan Larsson.
15:33 of 3rd period - Stopped by Anton Khudobin with a rebound.
15:39 of 3rd period - Ian Cole is hit by Brad Marchand and loses puck.
16:08 of 3rd period - Snap shot by Tomas Tatar.
16:08 of 3rd period - Shot Misses the Net.
17:07 of 3rd period - Snap shot by Claude Giroux.
17:07 of 3rd period - Stopped by Anton Khudobin without a rebound.
17:08 of 3rd period - Patrice Bergeron wins face-off versus Claude Giroux in Wild zone.
17:28 of 3rd period - Slapshot by Brady Skjei.
17:28 of 3rd period - Stopped by Anton Khudobin with a rebound.
17:30 of 3rd period - Wrist shot by Tomas Tatar.
17:30 of 3rd period - Stopped by Anton Khudobin without a rebound.
17:31 of 3rd period - Derek Grant wins face-off versus Sean Couturier in Wild zone.
17:44 of 3rd period - Slapshot by Damon Severson.
17:44 of 3rd period - Shot Misses the Net.
18:05 of 3rd period - Slapshot by Elias Pettersson.
18:05 of 3rd period - Shot Misses the Net.
18:21 of 3rd period - Claude Giroux is hit by T.J. Oshie and loses puck.
18:28 of 3rd period - Wrist shot by T.J. Oshie.
18:28 of 3rd period - Shot Misses the Net.
18:48 of 3rd period - Tyler Pitlick is hit by Frank Vatrano and loses puck.
19:15 of 3rd period - Brady Skjei is hit by Martin Marincin and loses puck.
19:20 of 3rd period - Wrist shot by Adrian Kempe.
19:20 of 3rd period - Stopped by Henrik Lundqvist with a rebound.
19:22 of 3rd period - Snap shot by Jesper Fast.
19:22 of 3rd period - Stopped by Henrik Lundqvist with a rebound.
19:24 of 3rd period - Wrist shot by Chris Tierney.
19:24 of 3rd period - Shot Blocked by Brady Skjei.
19:26 of 3rd period - Slapshot by Brayden McNabb.
19:26 of 3rd period - Deflect By Tomas Tatar.
19:26 of 3rd period - Stopped by Henrik Lundqvist without a rebound.
19:27 of 3rd period - John Tortorella call a timeout for Capitals.
19:27 of 3rd period - Claude Giroux wins face-off versus Chris Tierney in Capitals zone.
19:32 of 3rd period - Capitals, Henrik Lundqvist is pulled from the net.
19:36 of 3rd period - Snap shot by Claude Giroux.
19:36 of 3rd period - Stopped by Anton Khudobin with a rebound.
19:38 of 3rd period - Snap shot by Tomas Tatar.
19:38 of 3rd period - Stopped by Anton Khudobin without a rebound.
19:39 of 3rd period - Claude Giroux wins face-off versus Chris Tierney in Wild zone.
19:57 of 3rd period - Minor Penalty to Oliver Ekman-Larsson for Hooking.
19:58 of 3rd period - Henrik Lundqvist from Capitals was sent back in the game.
19:58 of 3rd period - Patrice Bergeron wins face-off versus Derek Grant in Capitals zone.
Goals for this period are 1 for Wild vs 1 for Capitals.
Shots for this period are 8 for Wild vs 17 for Capitals.